 Dungeon Crawl Stone Soup version 0.24.0-13-gcf9b319 (webtiles) character file.

Game seed: 2425825573505464835, levelgen mode: deterministic

117 Firecrotchwizard the Skirmisher (level 4, 0/41 HPs)
             Began as a Minotaur Fighter on Feb 6, 2020.
             Slain by a gnoll (1 damage)
             ... on level 3 of the Dungeon.
             The game lasted 00:06:58 (2375 turns).

Firecrotchwizard the Skirmisher (Minotaur Fighter)  Turns: 2375, Time: 00:06:59

Health: 0/41       AC:  8    Str: 20    XL:     4   Next: 71%
Magic:  3/3        EV:  5    Int:  6    God:
Gold:   181        SH:  9    Dex: 10    Spells: 3/3 levels left

rFire    . . .     SeeInvis .   a - +0 war axe
rCold    . . .     Gourm    .   c - +0 shield
rNeg     . . .     Faith    .   g - +0 chain mail
rPois    .         Spirit   .   (helmet restricted)
rElec    .         Reflect  .   l - -2 cloak (curse)
rCorr    .         Harm     .   (no gloves)
MR       .....                  (no boots)
Stlth    ..........             (no amulet)
HPRegen  0.13/turn              (no ring)
MPRegen  0.08/turn              (no ring)

@: lethally poisoned (0 -> -8)
A: retaliatory headbutt, horns 2
a: no special abilities


You were on level 3 of the Dungeon.
You were not hungry.

You visited 1 branch of the dungeon, and saw 3 of its levels.

You collected 181 gold pieces.

Inventory:

Hand Weapons
 a - a +0 war axe (weapon)
Armour
 b - a +0 scale mail
 c - a +0 shield (worn)
 g - a +0 chain mail (worn)
   (You found it on level 2 of the Dungeon)
 l - a cursed -2 cloak (worn)
   (You found it on level 2 of the Dungeon)
Scrolls
 e - a scroll of identify {unknown}
 h - 6 scrolls of teleportation {unknown}
 j - 3 scrolls of remove curse {unknown}
 m - a scroll of blinking {unknown}
 n - a scroll of fog {unknown}
 o - a scroll of random uselessness {unknown}
Potions
 d - 2 potions of might
 i - a potion of brilliance {unknown}
 k - 2 potions of degeneration {unknown}
 p - 2 potions of curing {unknown}
 r - a potion of heal wounds {unknown}
 s - a potion of resistance {unknown}
Comestibles
 f - 7 rations


   Skills:
 + Level 4.4 Fighting
 * Level 4.2 Axes
 + Level 4.3 Armour
 + Level 4.3 Shields


You had 3 spell levels left.
You didn't know any spells.
Your spell library was empty.

Dungeon Overview and Level Annotations

Branches:
Dungeon (3/15)

Altars:
Dithmenos
Sif Muna

Annotations:
D:2 1 runed translucent door, Crazy Yiuf


Innate Abilities, Weirdness & Mutations

You reflexively headbutt those who attack you in melee.
You have a pair of horns on your head.


Message History

A kobold is nearby!
A kobold is nearby!
A kobold is nearby!
A kobold is nearby!
A kobold is nearby!
You start resting.
Some of the chunks of flesh in your inventory have rotted away.
The kobold is too close now for your liking.
You regained 20 hp, and now have 40/41 hp.
The kobold shouts!
Items here: $ ( ) ÷ a +2 dagger of venom; 2 stones; 9 gold pieces; a hobgoblin skeleton The kobold hits you.
You take 2 damage, and have 38/41 hp.
You slash the kobold!
You kill the kobold!
No target in view!
No target in view!
No target in view!
r - a lumpy orange potion You now have 161 gold pieces (gained 18).
Things that are here:
5 poisoned darts; a kobold corpse You now have 172 gold pieces (gained 11).
You now have 181 gold pieces (gained 9).
Things that are here:
a +2 dagger of venom; 2 stones; a hobgoblin skeleton
Things that are here:
a bat skeleton; an adder skeleton
Found a stone staircase leading down.
f - 7 rations (gained 1) Eating one of 3 chunks of flesh {@w0}.
You eat one of the 3 chunks of flesh {@w0}.
s - a fuming blue potion Health restored: 41 All of the chunks of flesh in your inventory have rotted away.
You open the door.
Found a shimmering blue altar of Sif Muna.
There is an open door here.
You enter the shallow water.
Moving in this stuff is going to be slow.
There is an open door here.
p - 2 fizzy black potions (gained 1)
A gnoll comes into view.
The gnoll shouts!
You hear a shout!
A kobold comes into view.
A gnoll comes into view.
The kobold shouts!
The gnoll shouts!
A gnoll comes into view. It is wielding a +1 halberd of venom.
A gnoll comes into view. It is wielding a -2 whip.
The gnoll shouts!
The gnoll moves out of view.
The gnoll hits you but does no damage.
You hit the gnoll but do no damage. You hit the kobold.
The gnoll closely misses you. You furiously retaliate!
You headbutt the gnoll. The kobold hits you. You block the gnoll's attack.
You take 1 damage, and have 40/41 hp.
You hit the kobold.
You kill the kobold!
Your shield and chain mail prevent you from hitting the gnoll.
The gnoll hits you but does no damage.
The gnoll hits you from afar with a +1 halberd of venom!
You are poisoned.
The gnoll hits you but does no damage. You block the gnoll's attack.
You take 7 damage, and have 33/41 hp.
You closely miss the gnoll. x2; You feel sick.
The gnoll hits you from afar with a +1 halberd of venom.
You block the gnoll's attack. The gnoll hits you but does no damage.
The gnoll hits you from afar with a +1 halberd of venom.
You are more poisoned.
You take 7 damage, and have 26/41 hp.
Your chain mail prevents you from hitting the gnoll.
Your headbutt misses the gnoll. You hit the gnoll.
You feel sick. The gnoll hits you but does no damage.
The gnoll hits you with a cursed -2 whip.
The gnoll hits you but does no damage. You block the gnoll's attack. x2
You take 2 damage, and have 24/41 hp.
You barely miss the gnoll. You slash the gnoll!
You feel sick. The gnoll hits you. You block the gnoll's attack. x2
You take 5 damage, and have 19/41 hp.
You hit the gnoll. You closely miss the gnoll.
You feel sick. The gnoll barely misses you. You block the gnoll's attack.
The gnoll barely misses you.
You take 1 damage, and have 18/41 hp.
You closely miss the gnoll. You barely miss the gnoll.
You feel sick. The gnoll hits you.
* * * LOW HITPOINT WARNING * * *
The gnoll hits you but does no damage.
The gnoll hits you from afar with a +1 halberd of venom.
* * * LOW HITPOINT WARNING * * *
The gnoll hits you.
* * * LOW HITPOINT WARNING * * *
The gnoll hits you but does no damage.
You take 16 damage, and have 2/41 hp.
MASSIVE DAMAGE!!
You hit the gnoll. x2
You kill the gnoll!
* * * LOW HITPOINT WARNING * * *
You feel sick. The gnoll closely misses you. The gnoll hits you.
You die...

........# ........#
#### ........# #...##
.......## .....##
..#....## ......#
####.#..### ......#
#.##...# ......#
#...##.#######gg...##
###..#.#.....@g.....#
##.....####.......#
###..## #.......#
#########..#
##.....##
...........## #...##
............####
##.##
....)...##.....###..#
.##########.##...#.##
##≈≈≈≈≈###..####.#.#


You could see 3 gnolls.

Vanquished Creatures
  Robin (D:2)
  A gnoll (D:3)
  3 adders
  3 leopard geckos
  5 giant cockroaches
  12 goblins
  13 hobgoblins
  A quokka (D:2)
  9 bats
  3 frilled lizards
  9 kobolds
  2 rats (D:1)
62 creatures vanquished.

Notes
Turn   | Place    | Note
-------+----------+-------------------------------------------
     0 | D:1      | Firecrotchwizard the Minotaur Fighter began the quest for
                  | the Orb.
     0 | D:1      | Reached XP level 1. HP: 19/19 MP: 0/0
   264 | D:1      | Reached XP level 2. HP: 27/27 MP: 1/1
   457 | D:1      | Reached skill level 3 in Axes
   841 | D:2      | Reached skill level 4 in Fighting
   903 | D:2      | Reached skill level 4 in Armour
   903 | D:2      | Reached skill level 4 in Shields
   903 | D:2      | Reached XP level 3. HP: 31/33 MP: 2/2
  1060 | D:2      | Noticed Robin
  1073 | D:2      | Killed Robin
  1087 | D:2      | Reached XP level 4. HP: 12/40 MP: 3/3
  1091 | D:2      | HP: 10/40 [poisoned by an adder]
  1099 | D:2      | HP: 9/40 [poisoned by an adder]
  1852 | D:2      | Found a shadowy altar of Dithmenos.
  1938 | D:2      | Found a runed translucent door.
  1939 | D:2      | Noticed Crazy Yiuf
  2005 | D:3      | Reached skill level 4 in Axes
  2317 | D:3      | Found a shimmering blue altar of Sif Muna.
  2374 | D:3      | HP: 6/41 [gnoll/+1 halberd of venom (6)]
  2374 | D:3      | HP: 2/41 [gnoll (4)]
  2375 | D:3      | Slain by a gnoll

Levels and vault maps discovered:
D:1:      dpeg_arrival_ternary, layout_basic
D:2:      layout_basic, lemuel_round_altar, first_ration, uniq_robin,
          uniq_crazy_yiuf_cottage
D:3:      layout_rooms, led_sif_pool, grunt_ministairs_12, minmay_quantized

Skill      XL: |  1  2  3  4 |
---------------+-------------+-----
Axes           | 3 4 |  4.2
Fighting       | 4 |  4.4
Armour         | 4 |  4.3
Shields        | 4 |  4.3

Action                   |  1- 3 |  4- 6 || total
-------------------------+-------+-------++-------
Melee: War axe           |    87 |    49 ||   136
       Headbutt          |     6 |     7 ||    13
  Use: Potion            |     1 |       ||     1
  Eat: Chunk             |     1 |     4 ||     5
Armor: Scale mail        |    33 |       ||    33
       Chain mail        |    15 |    23 ||    38
Dodge: Dodged            |    25 |    13 ||    38
Block: Shield            |    53 |    30 ||    83

Levels and vault maps discovered:
D:1:      dpeg_arrival_ternary, layout_basic
D:2:      layout_basic, lemuel_round_altar, first_ration, uniq_robin,
          uniq_crazy_yiuf_cottage
D:3:      layout_rooms, led_sif_pool, grunt_ministairs_12, minmay_quantized

Table legend:
 A = Turns spent in this place as a percentage of turns spent in the entire game.
 B = Non-inter-level travel turns spent in this place as a percentage of non-inter-level travel turns spent in the entire game.
 C = Inter-level travel turns spent in this place as a percentage of turns spent in this place.
 D = Turns resting spent in this place as a percentage of non-inter-level travel turns spent in this place.
 E = Turns spent auto-exploring this place as a percentage of non-inter-level travel turns spent in this place.
 F = Non-inter-level travel turns spent in this place divided by the number of levels of this place that you've seen.
                   A       B       C       D       E      F
               +-------+-------+-------+-------+-------+----------------------
         Total | 100.0 | 100.0 |   3.1 |  21.9 |  66.2 | 767.3
       Dungeon | 100.0 | 100.0 |   3.1 |  21.9 |  66.2 | 767.3
               +-------+-------+-------+-------+-------+----------------------

Table legend:
 A = Kills in this place as a percentage of kills in entire the game.
 B = Kills by you in this place as a percentage of kills by you in the entire game.
 C = Kills by friends in this place as a percentage of kills by friends in the entire game.
 D = Other kills in this place as a percentage of other kills in the entire game.
 E = Experience gained in this place as a percentage of experience gained in the entire game.
 F = Experience gained in this place divided by the number of levels of this place that you have seen.
                   A       B       C       D       E      F
               +-------+-------+-------+-------+-------+----------------------
         Total | 100.0 | 100.0 |   N/A |   N/A | 100.0 |  56.0
       Dungeon | 100.0 | 100.0 |   N/A |   N/A | 100.0 |  56.0
               +-------+-------+-------+-------+-------+----------------------
